 Dungeon Crawl Stone Soup version 0.23.2-40-g277498a001 (webtiles) character file.

Game seed: 18199292371340247727

170 Emblim88 the Distorting Demonspawn (level 5, -11/43 HPs)
             Began as a Demonspawn Abyssal Knight on Aug 17, 2019.
             Was a Believer of Lugonu.
             Mangled by an ogre
             ... wielding a +0 giant club
              (24 damage)
             ... on level 4 of the Dungeon.
             The game lasted 00:06:22 (3192 turns).

Emblim88 the Distorting Demonspawn (DsAK)           Turns: 3192, Time: 00:06:22

Health: -11/43     AC:  8    Str: 13    XL:     5   Next: 26%
Magic:  0/16       EV:  4    Int: 14    God:    Lugonu [**....]
Gold:   206        SH: 10    Dex: 12    Spells: 4/4 levels left

rFire    . . .     SeeInvis .   y - +2 dagger (vamp)
rCold    . . .     Gourm    .   d - +0 large shield
rNeg     + . .     Faith    .   w - +0 scale mail
rPois    .         Spirit   +   (helmet restricted)
rElec    .         Reflect  .   (no cloak)
rCorr    .         Harm     .   k - +0 pair of gloves
MR       .....                  (no boots)
Stlth    ..........             (no amulet)
HPRegen  0.14/turn              n - ring of positive energy
MPRegen  0.15/turn              r - ring of magical power

@: no status effects
A: horns 2, rugged brown scales 1, magic shield
a: Depart the Abyss, Bend Space, Renounce Religion


You were on level 4 of the Dungeon.
You worshipped Lugonu.
Lugonu was pleased with you.
You were not hungry.

You visited 1 branch of the dungeon, and saw 4 of its levels.
You visited the Abyss 1 time.

You collected 206 gold pieces.

Inventory:

Hand Weapons
 a - a +1 hand axe
 y - a +2 vampiric dagger (weapon)
Missiles
 l - 110 arrows
Armour
 b - a +0 leather armour
 d - a +0 large shield (worn)
 k - a +0 pair of gloves (worn)
 o - a +0 helmet
 w - a +0 scale mail (worn)
Jewellery
 f - an uncursed ring of flight
 j - a +4 ring of intelligence
 n - a ring of positive energy (left hand)
 r - a ring of magical power (right hand)
 u - an uncursed ring of fire
Scrolls
 e - a scroll of enchant armour
 m - a scroll of teleportation
 q - a scroll of amnesia {unknown}
 s - 2 scrolls of remove curse
 v - a scroll of fog {unknown}
 z - a scroll of immolation
 B - a scroll of magic mapping {unknown}
Potions
 g - 3 potions of heal wounds {unknown}
 h - a potion of agility {unknown}
 i - a potion of cancellation {unknown}
 p - a potion of brilliance {unknown}
 x - 2 potions of resistance {unknown}
 A - a potion of berserk rage {unknown}
Comestibles
 c - 4 rations


   Skills:
 + Level 3.7 Fighting
 * Level 0.8 Short Blades
 - Level 2.5 Axes
 + Level 2.6 Armour
 + Level 2.1 Dodging
 + Level 3.8 Invocations


You had 4 spell levels left.
You didn't know any spells.
Your spell library was empty.

Dungeon Overview and Level Annotations

Branches:
Dungeon (4/15)
 Temple: D:4-7

Altars:
Fedhas


Innate Abilities, Weirdness & Mutations

You have a pair of horns on your head.
You are partially covered in rugged brown scales. (AC +1, +3% HP)
When hurt, damage is shared between your health and your magic reserves.


Message History

The ogre hits you with a +0 giant club!!
* * * LOW HITPOINT WARNING * * *
You are too injured to fight recklessly!
You are too injured to fight recklessly!
You are too injured to fight recklessly!
You are too injured to fight recklessly!
You are too injured to fight recklessly!
It was a potion of curing.
You feel better. You block the ogre's attack.
You feel better. The ogre hits you with a +0 giant club!
You hit the ogre.
You feel better.
The ogre is heavily wounded.
You hit the ogre.
The ogre is heavily wounded.
The ogre hits you with a +0 giant club!
* * * LOW HITPOINT WARNING * * *
Your shield and scale mail prevent you from hitting the ogre.
The ogre is heavily wounded.
The ogre hits you with a +0 giant club!!
Ouch! That really hurt!
You die...

#.#.## #.#.##
#...#########
...#####...........
........#..†.......
#.#..........
#.#..<....###
#O#..........
#.####@........###
#......#....#..#
........#...(<..#
........#.......#
................#
......#.##......#
....#.#.#.......#
#.#.#.#.# #.#...
..# #.#.#


You could see an ogre.

Vanquished Creatures
  A howler monkey (D:4)
  An iguana (D:2)
  An adder (D:3)
  6 oozes
  3 worms
  A dart slug (D:1)
  A leopard gecko (D:1)
  2 orcs (D:3)
  7 bats
  3 giant cockroaches
  10 goblins
  6 hobgoblins
  2 jackals (D:1)
  3 frilled lizards
  5 kobolds
  8 rats
60 creatures vanquished.

Notes
Turn   | Place    | Note
-------+----------+-------------------------------------------
     0 | Abyss:1  | Emblim88 the Demonspawn Abyssal Knight began the quest for
                  | the Orb.
     0 | Abyss:1  | Reached XP level 1. HP: 18/18 MP: 2/2
    96 | Abyss:1  | Noticed a spatial vortex
   106 | Abyss:2  | Noticed a water nymph
   106 | Abyss:2  | a glowing shapeshifter changed into a water nymph
   106 | Abyss:2  | Found a transporter.
   106 | Abyss:2  | Found a corrupted altar of Lugonu.
   106 | Abyss:2  | Found a corrupted altar of Lugonu.
   106 | Abyss:2  | Noticed a wretched star
   106 | Abyss:2  | Noticed an ancient zyme
   106 | Abyss:2  | Noticed a tentacled monstrosity
   106 | Abyss:2  | Noticed a tentacled monstrosity
   106 | Abyss:2  | Noticed a wretched star
   106 | Abyss:2  | Noticed a wretched star
   106 | Abyss:2  | Noticed a yellow draconian
   106 | Abyss:2  | Noticed a fire giant simulacrum
   106 | Abyss:2  | Noticed a tentacled starspawn
   107 | D:1      | Escaped the Abyss
   113 | D:1      | Reached skill level 1 in Dodging
   125 | D:1      | Reached * piety under Lugonu
   324 | D:1      | Gained mutation: You have a pair of small horns on your
                  | head. [demonic ancestry]
   324 | D:1      | Reached XP level 2. HP: 19/24 MP: 4/4
   682 | D:1      | Gained mutation: When hurt, damage is shared between your
                  | health and your magic reserves. [demonic ancestry]
   682 | D:1      | Reached XP level 3. HP: 24/29 MP: 5/5
  1744 | D:2      | Gained mutation: You are partially covered in rugged brown
                  | scales. (AC +1, +3% HP) [demonic ancestry]
  1744 | D:2      | Reached XP level 4. HP: 29/36 MP: 6/6
  1853 | D:2      | Reached ** piety under Lugonu
  2520 | D:3      | Found a blossoming altar of Fedhas.
  3174 | D:4      | Gained mutation: You have a pair of horns on your head.
                  | [demonic ancestry]
  3174 | D:4      | Reached XP level 5. HP: 35/43 MP: 7/7
  3178 | D:4      | Noticed an ogre
  3192 | D:4      | Mangled by an ogre

Skill      XL: |  1  2  3  4 |
---------------+-------------+-----
Dodging        | 1 2 |  2.1
Axes           | 2 |  2.5
Armour         | 2 |  2.6
Invocations    | 3 |  3.8
Fighting       | |  3.7
Short Blades   | |  0.8

Action                   |  1- 3 |  4- 6 || total
-------------------------+-------+-------++-------
Melee: Hand axe          |    89 |    78 ||   167
       Headbutt          |     5 |    14 ||    19
       Dagger            |       |    32 ||    32
Invok: Depart the Abyss  |     1 |       ||     1
  Use: Scroll            |       |     4 ||     4
       Potion            |       |     2 ||     2
 Stab: Sleeping          |     1 |       ||     1
  Eat: Ration            |     1 |     3 ||     4
Armor: Leather armour    |    30 |    16 ||    46
       Scale mail        |       |    13 ||    13
Dodge: Dodged            |    30 |    20 ||    50
Block: Large shield      |    12 |    54 ||    66
